 Dungeon Crawl Stone Soup version 0.31-a0-431-g88bdf31460 (webtiles) character file.

Game seed: 17390169511983983618

663 floatRand the Ruffian (level 7, -2/52 HPs)
             Began as a Black Draconian Shapeshifter on July 31, 2023.
             Succumbed to a water moccasin's poison
             ... on level 5 of the Dungeon.
             The game lasted 00:05:46 (4228 turns).

floatRand the Ruffian (DrSh)                        Turns: 4228, Time: 00:05:46

Health: -2/52      AC:  6    Str: 18    XL:     7   Next: 31%
Magic:  7/7        EV: 12    Int:  8    God:
Gold:   42         SH:  0    Dex: 13    Spells: 6/6 levels left

rFire   . .          .
                       - Unarmed
rCold   . . .        (no shield)
rNeg    + . .        (body armour unavailable)
rPois   .            (helmet currently unavailable)
rElec   +            (cloak currently unavailable)
rCorr   .            (gloves currently unavailable)
SInv    .            (boots currently unavailable)
Will    .....        v - amulet of regeneration
Stlth   +            A - ring of positive energy
HPRegen 1.08/turn    h - ring of flight
MPRegen 0.10/turn

%: no passive effects
@: lethally poisoned (-2 -> -18), beast-form, flying
A: beast (slay +3), breathe lightning, AC +6, unfitting armour, electricity
resistance, cold-blooded
a: Breathe Lightning, Begin Untransformation


You were on level 5 of the Dungeon.
You were a hulking beast.
You visited 2 branches of the dungeon, and saw 6 of its levels.

You collected 216 gold pieces.
You spent 174 gold pieces at shops.

Inventory:

Missiles
 i - 2 throwing nets
Armour
 u - a +2 pair of gloves
Jewellery
 e - a ring of magical power
 h - a ring of flight (right hand)
 v - an amulet of regeneration (around neck)
 A - a ring of positive energy (left hand)
 C - a +6 ring of intelligence
Talismans
 b - a beast talisman (active)
Wands
 c - a wand of polymorph (7)
 g - a wand of roots (7)
Scrolls
 d - a scroll of enchant weapon
 m - a scroll of enchant armour
 o - a scroll of blinking
 y - a scroll of fog
Potions
 a - 2 potions of lignification
 j - a potion of haste
 k - 2 potions of resistance
 n - a potion of berserk rage
 p - 2 potions of ambrosia
 r - a potion of attraction
 s - 3 potions of heal wounds
 z - a potion of invisibility {unknown}
 E - 2 potions of curing


   Skills:
 - Level 1.1 Fighting
 - Level 1.7 Dodging
 * Level 7.2 Unarmed Combat
 + Level 4.8 Shapeshifting


You had 6 spell levels left.
You didn't know any spells.
Your spell library contained the following spells:

 Spells                   Type           Power      Damage    Failure   Level
 Apportation              Tloc           0%         N/A       41%         1
 Necrotise                Necr           0%         1d4       41%         1
 Summon Small Mammal      Summ           0%         N/A       41%         1
 Dazzling Flash           Conj/Hex       0%         N/A       78%         3
 Volatile Blastmotes      Fire/Tloc      0%         2d10      78%         3
 Starburst                Conj/Fire      0%         6d3       100%        6
 Maxwell's Capacitive Co  Air            0%         ∞         100%        8


Dungeon Overview and Level Annotations

Branches:
Dungeon (5/15)             Temple (1/1) D:4

Altars:
Ashenzari
Cheibriados
Dithmenos
Elyvilon
Fedhas
Gozag
Kikubaaqudgha
Makhleb
Nemelex Xobeh
Okawaru
Qazlal
Ru
Sif Muna
Trog
Uskayaw
Vehumet
Xom
Zin
The Shining One

Shops:
D:4 *


Innate Abilities, Weirdness & Mutations

You are a hulking beast.
Your limbs bulge with bestial killing power. (Slay +3)
You can breathe wild blasts of lightning.
Your glossy black scales are hard. (AC +6)
You cannot fit into any form of body armour.
You are resistant to electric shocks. (rElec)
You are cold-blooded and may be slowed by cold attacks.


Message History

You closely miss the water moccasin. Your punch misses the water moccasin.
The water moccasin is moderately wounded.
You feel very sick. The water moccasin bites you.
You are more poisoned.
The water moccasin poisons you!
You hit the water moccasin.
The water moccasin is moderately wounded.
You feel very sick. The water moccasin bites you!
You hit the water moccasin.
The water moccasin is heavily wounded.
You feel very sick. The water moccasin closely misses you.
The water moccasin bites you.
You are more poisoned.
The water moccasin poisons you!
Unknown command.
You closely miss the water moccasin.
Your tail-slap misses the water moccasin.
The water moccasin is heavily wounded.
You feel very sick. The water moccasin closely misses you.
You hit the water moccasin.
The water moccasin is heavily wounded.
You feel very sick. The water moccasin bites you.
* * * LOW HITPOINT WARNING * * *
You are more poisoned.
The water moccasin poisons you!
You hit the water moccasin.
Your tail-slap misses the water moccasin.
Your punch misses the water moccasin.
The water moccasin is severely wounded.
* * * LOW HITPOINT WARNING * * *
You feel very sick. The water moccasin barely misses you.
Unknown command.
You punch the water moccasin!
You kill the water moccasin!
You die...

#.# #..# #..#.# #.# #..#
#..#.# #.#
#..########### #.#
#..#§§§§§§§§§ #######.##
##.#§§§§§§§§§ ......(..#
###§§§§§§§§§
#######..######§§§§§§§§§
##...##..######§§§§
#.....#....h._#8§§§
#.....?..######§§§§
.........####§§§§§§§§§
#####...## #§§§§§§§§§
##.## #§§§§§§§§§ #.#
#§§§§§§§§§ #..
########## #.


There were no monsters in sight!

Vanquished Creatures
  A water moccasin (D:5)
  2 ogres
  A centaur (D:5)
  Blork the orc (D:4)
  A gnoll sergeant (D:4)
  A sleepcap (D:3)
  2 iguanas
  An orc wizard (D:3)
  3 gnolls (D:4)
  6 adders
  2 white imps (D:5)
  A worm (D:2)
  5 orcs (D:3)
  3 bats
  5 endoplasms
  2 giant cockroaches
  6 goblins
  8 hobgoblins
  9 jackals
  3 quokkas
  8 ball pythons
  8 frilled lizards
  8 kobolds
  4 rats
91 creatures vanquished.

Notes
Turn   | Place    | Note
-------+----------+-------------------------------------------
     0 | D:1      | floatRand the Draconian Shapeshifter began the quest for
                  | the Orb.
     0 | D:1      | Reached XP level 1. HP: 16/16 MP: 1/1
    39 | D:1      | Reached XP level 2. HP: 19/23 MP: 2/2
   198 | D:1      | You fall into a shaft and drop 1 floor!
   591 | D:2      | Reached XP level 3. HP: 25/28 MP: 3/3
   641 | D:2      | Reached skill level 4 in Unarmed Combat
  1235 | D:3      | Reached XP level 4. HP: 11/35 MP: 4/4
  1802 | D:3      | Identified the +2 rapier of Tochoel {flame, Contam Dex+7}
  1932 | D:3      | Reached skill level 5 in Unarmed Combat
  1932 | D:3      | Reached XP level 5. HP: 20/40 MP: 5/5
  2555 | D:4      | Found a white marble altar of Elyvilon.
  2595 | D:4      | Found a staircase to the Ecumenical Temple.
  2609 | Temple   | Entered the Ecumenical Temple
  2834 | D:4      | Noticed an ogre
  2839 | D:4      | Found Wecwonnu's Assorted Antiques.
  2846 | D:4      | Killed an ogre
  2847 | D:4      | Reached XP level 6. HP: 47/47 MP: 6/6
  2856 | D:4      | Bought a scroll labelled PUNE ENEIRCH for 29 gold pieces
  2856 | D:4      | Bought a scroll labelled PUOCWA GINUHAMU for 29 gold pieces
  2856 | D:4      | Bought a sapphire potion for 26 gold pieces
  2975 | D:4      | Reached skill level 6 in Unarmed Combat
  3433 | D:4      | Noticed Blork the orc
  3445 | D:4      | Killed Blork the orc
  3836 | D:5      | Entered Level 5 of the Dungeon
  3845 | D:5      | Your scales start taking on a glossy black colour.
  3845 | D:5      | Reached XP level 7. HP: 26/52 MP: 7/7
  3845 | D:5      | Gained mutation: You are resistant to electric shocks.
                  | (rElec) [Black Draconian growth]
  3986 | D:5      | Found Zin's Purification Station.
  3991 | D:5      | Found a glowing silver altar of Zin.
  3994 | D:5      | Bought a potion of curing for 90 gold pieces
  4087 | D:5      | Reached skill level 7 in Unarmed Combat
  4094 | D:5      | HP: 2/52 [iguana (6)]
  4215 | D:5      | Found a stormy altar of Qazlal.
  4227 | D:5      | HP: 2/52 [poisoned by a water moccasin]
  4228 | D:5      | Succumbed to a water moccasin's poison

Illustrated notes

Levels and vault maps discovered:
D:1:      psy_arrival_terrarium, layout_loops_ring, minmay_lizard_pond
D:2:      layout_loops_corners
D:3:      layout_basic, minmay_puff
D:4:      layout_gridville, mainiacjoe_overflow_six_doors_small,
          minmay_temple_entry_statues_fountains, serial_shops, shop,
          kennysheep_cross_room, grunt_ministairs_13, glass_columns_a,
          minmay_misc_feat_rows, uniq_blork_the_orc
D:5:      layout_loops_ring, zin_purify, nicolae_qazlal_eye_of_the_storm
Temple:   nicolae_temple_slightly_damp_pantheon

Skill      XL: |  1  2  3  4  5  6  7 |
---------------+----------------------+-----
Unarmed Combat | 4 5 6 7 |  7.2
Shapeshifting  | 4 |  4.8
Fighting       | |  1.1
Dodging        | |  1.7

Action                     |  1- 3 |  4- 6 |  7- 9 || total
---------------------------+-------+-------+-------++-------
  Melee: Unarmed           |    92 |   126 |    30 ||   248
         Tailslap          |     7 |    15 |     5 ||    27
         Punch             |       |     4 |     1 ||     5
Ability: Breathe Lightning |       |       |     1 ||     1
  Evoke: Wand              |       |     5 |       ||     5
    Use: Scroll            |       |    18 |       ||    18
   Stab: Sleeping          |     1 |       |       ||     1
 Armour: Skin              |    21 |    44 |     5 ||    70
  Dodge: Dodged            |    57 |   111 |    12 ||   180

Table legend: (Time is in decaauts)
 A = Elapsed time spent in this place.
 B = Non-inter-level travel time spent in this place.
 C = Inter-level travel time spent in this place.
 D = Time resting spent in this place.
 E = Time spent auto-exploring this place.
 F = Levels seen in this place.
 G = Mean time per level.
                   A        B        C        D        E       F      G
               +--------+--------+--------+--------+--------+-----+--------+
         Total |   4210 |   4067 |    143 |    493 |   2655 |   6 |  701.7 |
       Dungeon |   4209 |   4066 |    143 |    493 |   2655 |   5 |  841.8 |
        Temple |      1 |      1 |      0 |      0 |      0 |   1 |    1.0 |
               +--------+--------+--------+--------+--------+-----+--------+

Top non-repeatable levels by time:
     D:3: 1333 daAuts
     D:4: 1292 daAuts
     D:2: 999 daAuts
     D:5: 387 daAuts
     D:1: 196 daAuts
  Temple: 1 daAuts
